 Dungeon Crawl Stone Soup version 0.25.1-2-g60ff931df9 (webtiles) character file.

Game seed: 17345284025586873137

835 lorenzova the Bolt Thrower (level 7, -4/68 HPs)
             Began as a Deep Dwarf Hunter on Sept 23, 2020.
             Was a Follower of Qazlal.
             Slain by an ogre
             ... wielding a cursed -2 giant club
              (16 damage)
             ... on level 6 of the Dungeon.
             The game lasted 00:11:37 (4191 turns).

lorenzova the Bolt Thrower (Deep Dwarf Hunter)      Turns: 4191, Time: 00:11:38

Health: -4/68      AC: 12    Str: 17    XL:     7   Next: 66%
Magic:  7/7        EV:  6    Int: 12    God:    Qazlal [*.....]
Gold:   295        SH:  1    Dex: 13    Spells: 6/6 levels left

rFire    + . .     SeeInvis .   d - +2 flail (protect)
rCold    x . .     Gourm    .   (no shield)
rNeg     . . .     Faith    .   u - +0 plate armour (curse)
rPois    .         Spirit   .   (no helmet)
rElec    .         Reflect  .   (no cloak)
rCorr    .         Harm     .   (no gloves)
MR       +....                  (no boots)
Stlth    ..........             (no amulet)
HPRegen  0.00/turn              F - ring of fire
MPRegen  0.10/turn              (no ring)

@: non-regenerating
A: damage resistance, heal wounds, sense surroundings 1, no regeneration
a: Heal Wounds, Renounce Religion


You were on level 6 of the Dungeon.
You worshipped Qazlal.
Qazlal was aware of your devotion.
You were very hungry.

You visited 2 branches of the dungeon, and saw 7 of its levels.

You collected 295 gold pieces.

Inventory:

Hand Weapons
 a - a +1 hand crossbow
 d - a +2 flail of protection (weapon)
 p - a +2 falchion of protection
Armour
 c - a +0 leather armour
 g - a +0 ring mail
 s - a +0 plate armour
 u - a cursed +0 plate armour (worn)
Jewellery
 F - a ring of fire (left hand)
Scrolls
 j - 2 scrolls of remove curse
 m - a scroll of teleportation {unknown}
 n - 3 scrolls of immolation {unknown}
 o - a scroll of enchant armour {unknown}
 t - a scroll of fog {unknown}
 w - a scroll of fear {unknown}
 y - 3 scrolls of blinking {unknown}
 z - a scroll of enchant weapon {unknown}
 C - a scroll of amnesia {unknown}
 E - a scroll of random uselessness {unknown}
Potions
 e - a potion of invisibility
 h - 4 potions of heal wounds
 i - 2 potions of stabbing
 k - a potion of berserk rage
 l - 3 potions of might
 q - a potion of haste {unknown}
 r - a potion of brilliance
 v - 2 potions of mutation
 x - 4 potions of curing
 A - a potion of magic
 B - a potion of cancellation
Comestibles
 f - 7 rations


   Skills:
 * Level 5.8 Fighting
 + Level 6.5 Crossbows
 + Level 4.4 Armour
 - Level 2.1 Dodging
 - Level 1.2 Stealth


You had 6 spell levels left.
You didn't know any spells.
Your spell library was empty.

Dungeon Overview and Level Annotations

Branches:
Dungeon (6/15)             Temple (1/1) D:4

Altars:
Cheibriados
Elyvilon
Gozag
Okawaru
Qazlal
Ru
Trog
Zin
The Shining One


Innate Abilities, Weirdness & Mutations

You are resistant to damage.
You can heal yourself by infusing magical energy.
You passively map a small area around you.
You do not regenerate.


Message History

There is an open door here.
An ogre comes into view. It is wielding a -2 giant club.
Found a stone staircase leading up.
Firing (i - inventory)
b - 2 bolts (quivered)
Press: ? - help, Shift-Dir - straight line, f - ogre
Aim: an ogre, wielding a -2 giant club You shoot a bolt.
The bolt barely misses the ogre.
Firing (i - inventory)
b - a bolt (quivered)
Press: ? - help, Shift-Dir - straight line, f/p - ogre
Aim: an ogre, wielding a -2 giant club You shoot a bolt.
The bolt hits the ogre!
The ogre is heavily wounded.
Your +2 flail of protection hums with potential!
d - a +2 flail of protection (weapon)
The ogre hits you with a cursed -2 giant club!
* * * LOW HITPOINT WARNING * * *
Your plate armour prevents you from hitting the ogre.
The ogre is heavily wounded.
The ogre hits you with a cursed -2 giant club!
You die...

, *+ * * , + + ,
* # ,*,##,, ,
(.##### .## *
....... ..##, , +
.♣..<..♣...+,* ,
, * * *
.....(O§..#### ,
* , #####@.##..#
, *
#.<.#.##...#,,
,..#+#...#.#....#
........#......#
,
...+....#......#
, ...
#....'......# ..,
#...######### .
#...# , , ,#....
*, , , *


You could see an ogre.

Vanquished Creatures
  2 ogres (D:5)
  2 scorpions
  2 crimson imps (D:5)
  3 hounds
  A jelly (D:5)
  A centaur skeleton (D:5)
  An iguana (D:4)
  3 worker ants
  4 gnolls
  9 adders
  A shadow imp (D:5)
  2 oozes
  An adder skeleton (D:5)
  3 worms
  5 dart slugs
  3 leopard geckos
  10 orcs
  8 ball pythons
  4 giant cockroaches
  5 goblins
  10 hobgoblins
  4 jackals (D:4)
  5 quokkas
  4 bats
  2 frilled lizards
  3 kobolds
  9 rats
107 creatures vanquished.

Notes
Turn   | Place    | Note
-------+----------+-------------------------------------------
     0 | D:1      | lorenzova the Deep Dwarf Hunter began the quest for the
                  | Orb.
     0 | D:1      | Reached XP level 1. HP: 19/19 MP: 1/1
   202 | D:1      | Reached XP level 2. HP: 26/26 MP: 2/2
   337 | D:1      | Reached skill level 1 in Armour
   597 | D:1      | Reached XP level 3. HP: 33/33 MP: 3/3
  1104 | D:2      | Reached XP level 4. HP: 42/42 MP: 4/4
  1913 | D:3      | Reached skill level 5 in Crossbows
  2126 | D:3      | Found a snail-covered altar of Cheibriados.
  2187 | D:3      | Reached XP level 5. HP: 35/49 MP: 5/5
  2590 | D:4      | Found a staircase to the Ecumenical Temple.
  2603 | Temple   | Entered the Ecumenical Temple
  2619 | Temple   | Became a worshipper of Qazlal Stormbringer
  2796 | D:4      | Reached XP level 6. HP: 34/57 MP: 6/6
  2904 | D:4      | Found an iron altar of Okawaru.
  3297 | D:5      | Entered Level 5 of the Dungeon
  3684 | D:5      | Reached skill level 5 in Fighting
  3709 | D:5      | Reached skill level 6 in Crossbows
  3709 | D:5      | Reached XP level 7. HP: 31/67 MP: 7/7
  4118 | D:5      | Reached * piety under Qazlal
  4134 | D:5      | Found a glowing golden altar of the Shining One.
  4191 | D:6      | Slain by an ogre

Illustrated notes

Levels and vault maps discovered:
D:1:      denvon_arrival_waterhouse, layout_basic
D:2:      layout_loops_ring
D:3:      layout_basic, kennysheep_slug_shrine, first_ration
D:4:      layout_basic, okawaru_metal_pillars_1_2, minmay_temple_entry_mist,
          minmay_snake_closets
D:5:      layout_basic, lemuel_coloured_pillars_altar, serial_bayou_pond_b
D:6:      layout_gridville, nicolae_overflow_hidden_temple, lemuel_doored_altar,
          chequers_temple_overflow_statue_of_worship, basic_altar,
          grunt_ministairs_15
Temple:   chequers_temple_sunken

Skill      XL: |  1  2  3  4  5  6  7 |
---------------+----------------------+-----
Fighting       | 2 3 4 5 |  5.8
Armour         | 1 2 3 4 |  4.4
Crossbows      | 5 6 |  6.5
Dodging        | |  2.1
Stealth        | |  1.2

Action                   |  1- 3 |  4- 6 |  7- 9 || total
-------------------------+-------+-------+-------++-------
Melee: Flail             |       |   278 |    34 ||   312
 Fire: Hand crossbow     |    58 |    67 |    19 ||   144
 Abil: Heal Wounds       |       |     3 |       ||     3
  Use: Scroll            |       |     8 |     3 ||    11
  Eat: Chunk             |       |     9 |     1 ||    10
Armor: Leather armour    |     1 |       |       ||     1
       Plate armour      |       |   277 |    27 ||   304
       Ring mail         |       |     7 |       ||     7
Dodge: Dodged            |     9 |   125 |    13 ||   147
